 Dungeon Crawl Stone Soup version 0.28.0-45-g0d030f2227 (webtiles) character file.

Game seed: 5406473819828875012

32 NinjaNoafa the Poker (level 3, 31/33 HPs)
             Began as a Minotaur Monk on Apr 4, 2022.
             Quit the game on level 1 of the Dungeon.
             The game lasted 00:01:50 (662 turns).

NinjaNoafa the Poker (Minotaur Monk)                 Turns: 662, Time: 00:01:51

Health: 31/33      AC:  2    Str: 17    XL:     3   Next: 8%
Magic:  2/2        EV: 13    Int:  7    God:
Gold:   4          SH:  0    Dex: 12    Spells: 2/2 levels left

rFire   . . .      SeeInvis .   a - +0 spear
rCold   . . .      Faith    .   (no shield)
rNeg    . . .      Spirit   .   b - +0 robe
rPois   .          Reflect  .   (helmet restricted)
rElec   .          Harm     .   (no cloak)
rCorr   .          Rampage  .   (no gloves)
Will    .....                   (no boots)
Stlth   ++........              (no amulet)
HPRegen 0.11/turn               (no ring)
MPRegen 0.08/turn               (no ring)

@: no status effects
A: horns 2, retaliatory headbutt
a: no special abilities


You were on level 1 of the Dungeon.
You visited 1 branch of the dungeon, and saw 1 of its levels.

You collected 4 gold pieces.

Inventory:

Hand Weapons
 a - a +0 spear (weapon)
Missiles
 d - 11 stones (quivered)
Armour
 b - a +0 robe (worn)
Scrolls
 c - a scroll of acquirement {unknown}


   Skills:
 + Level 4.0 Fighting
 + Level 4.1 Polearms
 + Level 0.0 Armour
 + Level 3.6 Dodging
 - Level 2.0 Stealth


You had 2 spell levels left.
You didn't know any spells.
Your spell library was empty.

Dungeon Overview and Level Annotations

Branches:
Dungeon (1/15)

Altars:


Innate Abilities, Weirdness & Mutations

You have a pair of horns on your head.
You reflexively headbutt those who attack you in melee.


Message History

The jackal barks!
A jackal comes into view.
Throw: 10 stones
Press: ? - help, Q - select action Shift-Dir - straight line, f/p - jackal
Aim: a jackal (51% to hit)
You throw a stone. The stone hits the jackal.
The jackal is moderately wounded.
Throw: 9 stones
Press: ? - help, Q - select action Shift-Dir - straight line, f/p - jackal
Aim: a jackal (moderately wounded, 51% to hit)
You throw a stone.
The stone hits the jackal but does no damage.
The jackal is moderately wounded.
You barely miss the jackal. The jackal closely misses you.
You hit the jackal but do no damage. The jackal misses you.
You miss the jackal. The jackal misses you.
You hit the jackal. You headbutt the jackal.
You kill the jackal!
The jackal closely misses you. The jackal bites you.
You have reached level 3!
Your experience leads to an increase in your attributes!
Increase (S)trength, (I)ntelligence, or (D)exterity?
You feel stronger. x2
You barely miss the jackal. The jackal closely misses you.
The jackal barely misses you.
You barely miss the jackal. Your headbutt misses the jackal.
The jackal misses you. x2; The jackal bites you.
You closely miss the jackal. You headbutt the jackal.
You kill the jackal!
The jackal closely misses you. The jackal misses you.
You hit the jackal.
You kill the jackal!
Found 26 bolts.
Found an escape hatch in the floor.
d - 9 stones (gained 1)
d - 10 stones (gained 1)
d - 11 stones (gained 1) Unknown command.
Are you sure you want to abandon this character and quit the game? (Confirm with "yes".)

## #. #. ### #.##.#
# ####....#.#
##.....@(#.####
.>.............###
.........##.##...
##.##.##.#...#.##
.. #...#........##
.............#...#
#.#...##.#.##...##
#.##.....#.......#
.# #
....#.....##.#.##.#


There were no monsters in sight!

Vanquished Creatures
  A gnoll (D:1)
  5 endoplasms (D:1)
  A giant cockroach (D:1)
  2 goblins (D:1)
  5 jackals (D:1)
  2 ball pythons (D:1)
  3 kobolds (D:1)
  A rat (D:1)
20 creatures vanquished.

Notes
Turn   | Place    | Note
-------+----------+-------------------------------------------
     0 | D:1      | NinjaNoafa the Minotaur Monk began the quest for the Orb.
     0 | D:1      | Reached XP level 1. HP: 19/19 MP: 0/0
   348 | D:1      | Reached XP level 2. HP: 27/27 MP: 1/1
   648 | D:1      | Reached XP level 3. HP: 31/33 MP: 2/2
   662 | D:1      | Quit the game

Illustrated notes

Levels and vault maps discovered:
D:1:      lemuel_arrival_muddy, layout_basic, minivault_27,
          hangedman_decor_clover_reticule

Skill      XL: |  1  2 |
---------------+-------+-----
Polearms       | 4 |  4.1
Fighting       | 4 |  4.0
Stealth        | 2 |  2.0
Dodging        | |  3.6

Action                   || total
-------------------------++-------
Melee: Spear             ||    51
       Headbutt          ||     9
       Punch             ||     1
Throw: Stone             ||     6
 Stab: Distracted        ||     1
       Sleeping          ||     4
Armor: Robe              ||     5
Dodge: Dodged            ||    26
